 Dungeon Crawl Stone Soup version 0.29-a0-555-g3b24f45cc1 (webtiles) character file.

Game seed: 7350333961594041782

4 vulpzor the Frost Mage (level 1, 0/17 HPs)
             Began as a Gnoll Wanderer on June 7, 2022.
             Slain by a hobgoblin (1 damage)
             ... on level 1 of the Dungeon.
             The game lasted 00:01:40 (118 turns).

vulpzor the Frost Mage (Gnoll Wanderer)              Turns: 118, Time: 00:01:40

Health: 0/17       AC:  2    Str: 11    XL:     1   Next: 60%
Magic:  1/4        EV: 11    Int: 12    God:
Gold:   0          SH:  0    Dex: 10    Spells: 4/5 levels left

rFire   . . .      SeeInvis .   a - +0 quarterstaff
rCold   . . .      Faith    .   (shield currently unavailable)
rNeg    . . .      Spirit   .   e - +0 robe
rPois   .          Reflect  .   (no helmet)
rElec   .          Harm     .   (no cloak)
rCorr   .          Rampage  .   (no gloves)
Will    .....                   (no boots)
Stlth   +.........              (no amulet)
HPRegen 0.05/turn               (no ring)
MPRegen 0.09/turn               (no ring)

@: no status effects
A: fangs 1, strong nose, distributed training
a: no special abilities


You were on level 1 of the Dungeon.
You visited 1 branch of the dungeon, and saw 1 of its levels.

Inventory:

Hand Weapons
 a - a +0 quarterstaff (weapon)
 c - a +0 dagger
Missiles
 b - 7 poisoned darts (quivered)
 f - 18 stones
Armour
 e - a +0 robe (worn)
Potions
 d - a potion of curing


   Skills:
 + Level 2.4 Fighting
 + Level 0.1 Short Blades
 + Level 0.1 Long Blades
 + Level 0.1 Axes
 + Level 0.1 Maces & Flails
 + Level 0.1 Polearms
 + Level 2.4 Staves
 + Level 0.1 Slings
 + Level 0.1 Bows
 + Level 0.1 Crossbows
 + Level 2.4 Throwing
 + Level 2.4 Armour
 + Level 0.1 Dodging
 + Level 0.1 Stealth
 + Level 0.1 Shields
 + Level 0.1 Unarmed Combat
 + Level 2.6 Spellcasting
 + Level 0.1 Conjurations
 + Level 0.1 Hexes
 + Level 0.1 Summonings
 + Level 0.1 Necromancy
 + Level 0.1 Translocations
 + Level 0.1 Transmutations
 + Level 0.1 Fire Magic
 + Level 8.7 Ice Magic
 + Level 0.1 Air Magic
 + Level 0.1 Earth Magic
 + Level 0.1 Poison Magic
 + Level 0.2 Invocations
 + Level 0.1 Evocations


You had 4 spell levels left.
You knew the following spells:

 Your Spells              Type           Power      Damage    Failure   Level
a - Freeze                Ice            88%        1d10      1%          1

Your spell library contained the following spells:

 Spells                   Type           Power      Damage    Failure   Level
 Ensorcelled Hibernation  Hex/Ice        24%        N/A       6%          2
 Ice Form                 Ice/Tmut       12%        N/A       38%         4


Dungeon Overview and Level Annotations

Branches:
Dungeon (1/15)

Altars:


Innate Abilities, Weirdness & Mutations

You have very sharp teeth.
Your uncanny sense of smell can sniff out nearby items.
Your experience applies equally to all skills.


Message History

A quokka comes into view.
A hobgoblin comes into view.
You are too injured to fight recklessly!
Casting: Freeze (safe; 1% risk of failure)
Confirm with . or Enter, or press ? or * to list all spells.
Aiming: Freeze (safe; 1% risk of failure)
Press: ? - help, Shift-Dir - straight line, f - kobold
Aim: a kobold, wielding a +0 dagger You freeze the kobold.
You kill the kobold!
Found a scroll labelled BAHIAF CUARPHA.
Casting: Freeze (safe; 1% risk of failure)
Confirm with . or Enter, or press ? or * to list all spells.
Aiming: Freeze (safe; 1% risk of failure)
Press: ? - help, Shift-Dir - straight line, f - ball python
Aim: a ball python You freeze the ball python.
The ball python is severely wounded.
The ball python seems to slow down.
You closely miss the ball python.
The ball python is severely wounded.
The ball python bites you.
* * * LOW HITPOINT WARNING * * *
The ball python barely misses you.
You sock the ball python!
You kill the ball python!
The quokka twitches its whiskers.
Casting: Freeze (safe; 1% risk of failure)
Confirm with . or Enter, or press ? or * to list all spells.
Aiming: Freeze (safe; 1% risk of failure)
Press: ? - help, Shift-Dir - straight line, f - hobgoblin
Aim: a hobgoblin You freeze the hobgoblin.
The hobgoblin is heavily wounded.
The hobgoblin closely misses you.
You hit the hobgoblin.
The hobgoblin is almost dead.
The quokka bites you.
* * * LOW HITPOINT WARNING * * *
The hobgoblin hits you.
You die...

#...# #?..# #...#
#####...######.
....?..........
...............
............... #..@#
########### #.rg#
#...#...#.< #...#
#...#P..#.. #...#
##'###'###'
##...######.........†
#...)).##.'.......##.
#.#.##....#..........
...#.
#.#####'###'###'
..>..#....r
#P..#...#P.


You could see a quokka and a hobgoblin.

Vanquished Creatures
  A goblin (D:1)
  A ball python (D:1)
  A kobold (D:1)
  2 rats (D:1)
5 creatures vanquished.

Notes
Turn   | Place    | Note
-------+----------+-------------------------------------------
     0 | D:1      | vulpzor the Gnoll Wanderer began the quest for the Orb.
     0 | D:1      | vulpzor set off with the following items: a +0
                  | quarterstaff, 8 poisoned darts, a +0 dagger, a potion of
                  | curing, a +0 robe; and the following spell memorised:
                  | Freeze; and the following spells available to memorise:
                  | Ensorcelled Hibernation, Ice Form
     0 | D:1      | Reached XP level 1. HP: 17/17 MP: 4/4
   118 | D:1      | Slain by a hobgoblin

Illustrated notes

Levels and vault maps discovered:
D:1:      dpeg_arrival_prison, layout_loops_cross, minmay_pentomino_v4

Action                   || total
-------------------------++-------
Melee: Quarterstaff      ||    15
       Bite              ||     1
Throw: Dart              ||     1
 Cast: Freeze            ||     4
Armor: Robe              ||     2
Dodge: Dodged            ||    10

Table legend: (Time is in decaauts)
 A = Elapsed time spent in this place.
 B = Non-inter-level travel time spent in this place.
 C = Inter-level travel time spent in this place.
 D = Time resting spent in this place.
 E = Time spent auto-exploring this place.
 F = Levels seen in this place.
 G = Mean time per level.
                   A        B        C        D        E       F      G
               +--------+--------+--------+--------+--------+-----+--------+
         Total |    120 |    120 |      0 |      0 |      0 |   1 |  120.0 |
       Dungeon |    120 |    120 |      0 |      0 |      0 |   1 |  120.0 |
               +--------+--------+--------+--------+--------+-----+--------+

Top non-repeatable levels by time:
     D:1: 120 daAuts
